 Dungeon Crawl Stone Soup version 0.17.2-1-ge4368a0 (webtiles) character file.

176 KleinerIrrer the Charmwright (level 5, -10/35 HPs)
             Began as a High Elf Skald on July 4, 2017.
             Killed by divine providence
             ... invoked by an orc priest
              (13 damage)
             ... on level 3 of the Dungeon.
             The game lasted 00:08:05 (2380 turns).

KleinerIrrer the Charmwright (High Elf Skald)       Turns: 2380, Time: 00:08:07

Health: -10/35     AC:  4    Str: 12    XL:     5   Next: 30%
Magic:  3/11       EV: 12    Int: 16    God:
Gold:   90         SH:  0    Dex: 14    Spells: 3 memorised, 6 levels left

rFire  . . .     SeeInvis +     x - +1 dagger (drain)
rCold  . . .     Clarity  .     b - +0 leather armour
rNeg   . . .     SustAt   .     (no shield)
rPois  .         Gourm    .     (no helmet)
rElec  .         Spirit   .     (no cloak)
rCorr  .         Warding  .     u - +0 pair of gloves
rMut   .         Stasis   .     (no boots)
MR     .....                    (no amulet)
Stlth  ..........               w - ring of see invisible (curse)
                                i - ring of loudness (curse)

@: infused (expiring), very slightly contaminated, not resistant to hostile
enchantments, extremely unstealthy
A: no striking features
a: no special abilities


You were on level 3 of the Dungeon.
You were not hungry.

You visited 1 branch of the dungeon, and saw 3 of its levels.

You collected 90 gold pieces.

Inventory:

Hand Weapons
 a - a +1 falchion
 x - a +1 dagger of draining (weapon)
Armour
 b - a +0 leather armour (worn)
 u - a +0 pair of gloves (worn)
Jewellery
 i - a cursed ring of loudness (left hand)
 m - a +1 ring of protection
 w - a cursed ring of see invisible (right hand)
Wands
 s - a wand of digging (7)
Scrolls
 k - a scroll of identify
 n - a scroll of enchant armour {unknown}
 p - a scroll of amnesia
Potions
 e - a potion of lignification {unknown}
 g - a potion of cure mutation {unknown}
 h - 2 potions of mutation
 j - 2 potions of poison {unknown}
 l - 2 potions of agility {unknown}
 q - 2 potions of heal wounds {unknown}
 r - 2 potions of curing {unknown}
 t - a potion of degeneration {unknown}
 v - a potion of might {unknown}
Books
 c - a book of Battle

   Spells                             Type                      Level
   a - Infusion                       Charms                       1
   b - Shroud of Golubria             Charms/Translocation         2
   c - Song of Slaying                Charms                       2
   d - Spectral Weapon                Hexes/Charms                 3
   e - Regeneration                   Charms/Necromancy            3
Comestibles
 d - 4 bread rations
 f - 5 chunks of flesh
 o - 2 meat rations


   Skills:
 + Level 2.4 Fighting
 + Level 2.9 Long Blades
 + Level 1.4 Armour
 + Level 2.7 Dodging
 + Level 3.6 Spellcasting
 + Level 4.8 Charms
 + Level 0.9 Translocations


You had 6 spell levels left.
You knew the following spells:

 Your Spells              Type           Power        Failure   Level  Hunger
a - Infusion              Chrm           ###...       3%          1    None
b - Shroud of Golubria    Chrm/Tloc      ##........   12%         2    ##.....
c - Song of Slaying       Chrm           ###.....     6%          2    ##.....


Dungeon Overview and Level Annotations

Branches:
Dungeon (3/15)

Altars:


Message History

You hit the orc priest.
The orc priest is heavily wounded.
The orc hits you but does no damage.
The orc priest hits you but does no damage.
You hit the orc priest.
The orc priest is severely wounded.
The orc hits you.
The orc priest mumbles some strange prayers to Beogh against you.
Something smites you!
* * * LOW HITPOINT WARNING * * *
You closely miss the orc priest.
The orc priest is severely wounded.
The orc barely misses you. The orc priest barely misses you.
You barely miss the orc priest.
The orc priest is severely wounded.
Your magical infusion is running out.
The orc hits you but does no damage.
The orc priest invokes the aid of Beogh against you.
Something smites you!
You die...

#.........######.##...
#..........(..#.....##
#...............#.####
#.................#
###..............####
#...)..<.........#
#................#
#......oo........#
##.#....@)........#
#..##########.....#######
#........................
###############.#########
###


You could see an orc priest and an orc.

Vanquished Creatures
  2 orc priests (D:3)
  Jessica (D:2)
  An adder (D:2)
  A gnoll (D:1)
  An ooze (D:2)
  3 giant geckos (D:2)
  5 orcs
  7 hobgoblins
  3 jackals
  7 kobolds
  2 quokkas (D:2)
  3 ball pythons (D:2)
  11 bats
  2 giant cockroaches
  4 giant newts
  6 goblins
  7 rats
66 creatures vanquished.

Notes
Turn   | Place    | Note
--------------------------------------------------------------
     0 | D:1      | KleinerIrrer the High Elf Skald began the quest for the Orb.
     0 | D:1      | Reached XP level 1. HP: 14/14 MP: 4/4
   135 | D:1      | Reached XP level 2. HP: 19/19 MP: 3/6
   148 | D:1      | Learned a level 2 spell: Shroud of Golubria
   151 | D:1      | Learned a level 2 spell: Song of Slaying
   239 | D:1      | Reached skill level 4 in Charms
   631 | D:1      | Reached XP level 3. HP: 22/24 MP: 4/8
  1182 | D:2      | Noticed Jessica
  1199 | D:2      | Killed Jessica
  1199 | D:2      | Reached skill level 1 in Armour
  1199 | D:2      | Reached XP level 4. HP: 25/29 MP: 1/9
  2207 | D:3      | Reached XP level 5. HP: 30/35 MP: 0/11
  2380 | D:3      | Killed from afar by an orc priest

Action                   |  1- 3 |  4- 6 || total
-------------------------+-------+-------++-------
Melee: Falchion          |    82 |    94 ||   176
       Dagger            |       |    21 ||    21
 Cast: Infusion          |     7 |    10 ||    17
       Shroud of Golubri |     8 |     5 ||    13
       Song of Slaying   |     6 |     3 ||     9
  Use: Scroll            |     1 |     4 ||     5
  Eat: Chunk             |     2 |     4 ||     6
